[Event "Team 45 45 League T89"]
[Site "Internet Chess Club"]
[Date "2021.07.28"]
[Round "4"]
[White "WillC"]
[Black "Megasus"]
[Result "1-0"]
[WhiteElo "1477"]
[BlackElo "1394"]
[Opening "English opening"]
[ECO "A13"]
[Time "19:02:52"]
[TimeControl "2700+45"]

1. c4 e6 2. g3 c6 3. Bg2 h6 4. e4 d6 5. Nc3 Nd7 6. Nge2 Ngf6 7. O-O Nb6 8. b3 d5
9. cxd5 cxd5 10. e5 Nfd7 11. d4 a6 12. Be3 Nb8 13. f4 g6 14. Qd2 Bd7 15. g4 Nc6
16. Ng3 h5 17. gxh5 gxh5 18. f5 h4 19. fxe6 Bxe6 20. Nf5 h3 21. Bh1 Rg8+ 22. Ng3
Ne7 23. Kf2 Ng6 24. Ke1 Nh4 25. Kd1 Bb4 26. a3 Be7 27. Kc2 Bg5 28. Nh5 Rc8 29.
Bxg5 Qxg5 30. Nf6+ Ke7 31. Nxg8+ Rxg8 32. Qxg5+ Rxg5 33. Rg1 Ng2 34. Kd2 Rg4 35.
Ne2 f5 36. exf6+ Kxf6 37. Raf1+ Ke7 38. Rf2 Nd7 39. Bxg2 hxg2 40. Rgxg2 Nf6 41.
Rxg4 Bxg4 42. Rg2 b5 43. Nf4 Kd6 44. h4 Bf5 45. h5 Ne4+ 46. Ke3 Nc3 47. h6 Nb1
48. Ng6 Nxa3 49. h7 Nc2+ 50. Kf4 Be4 51. Rg3 Nxd4 52. Kg5 Ne6+ 53. Kf6 Bxg6 54.
Rxg6 Nf8 55. Kf7+ Nxg6 56. Kxg6 Kc5 57. Kf5 Kb4 58. Ke5 Kxb3 59. Kxd5 a5 60.
h8=Q b4 61. Qh3+ Ka4 62. Qg4 Ka3 63. Qf3+ b3 64. Kc4 a4 65. Kb5 Ka2 66. Kxa4 b2
67. Qe2 Ka1 68. Qe5 Ka2 69. Qd5+ Ka1 70. Qd4 Ka2 71. Qc4+ Ka1 72. Qc3 Ka2 73.
Qa3+ {Black resigns} 1-0

[Event "Team 45 45 League T89"]
[Site "Internet Chess Club"]
[Date "2021.08.01"]
[Round "4"]
[White "Insan996"]
[Black "vollmerj"]
[Result "1-0"]
[WhiteElo "1603"]
[BlackElo "1496"]
[Opening "King's Indian, 3.Nf3"]
[ECO "E61"]
[Time "21:01:20"]
[TimeControl "2700+45"]

1. d4 Nf6 2. Nf3 g6 3. c4 Bg7 4. Nc3 O-O 5. g3 d5 6. cxd5 Nxd5 7. Bg2 c6 8. O-O
Be6 9. e4 Nxc3 10. bxc3 Na6 11. Ba3 Re8 12. Rb1 Qa5 13. Qc1 Bc4 14. Rd1 Be2 15.
Re1 Bc4 16. Rxb7 Bxa2 17. Rxe7 Rxe7 18. Bxe7 Bc4 19. Nd2 Be6 20. e5 Bd5 21. Ne4
Qc7 22. Bd6 Qd8 23. Qf4 Nc7 24. Rb1 Ne6 25. Qe3 a5 26. Bf1 a4 27. Nd2 Nc7 28. c4
Be6 29. Bg2 Qd7 30. Rb7 Rc8 31. Qa3 Bh6 32. Ne4 Bg7 33. Nc5 Qe8 34. Rxc7 Rxc7
35. Bxc7 Bxc4 36. Qxa4 Bb5 37. Qa7 Bf8 38. Qb8 Qxb8 39. Bxb8 Bxc5 40. dxc5 Kf8
41. Bd6+ Ke8 42. f4 Kd7 43. Kf2 Bc4 44. Ke3 h5 45. Bh3+ Be6 46. Bxe6+ Kxe6 47.
Kd4 Kf5 48. Ke3 Kg4 49. Kf2 Kh3 50. Kg1 Kg4 51. Kg2 Kf5 52. Kf3 Ke6 53. Ke4 f5+
54. exf6 Kxf6 55. h3 Ke6 56. g4 hxg4 57. hxg4 Kf6 58. Be5+ Ke6 59. Bd6 Kf6 60.
g5+ Ke6 61. Be5 Kf7 62. Bc7 Ke6 63. Bd6 Kf7 64. Ke5 Kg7 65. Ke6 Kh7 66. Kf6 Kg8
67. Kxg6 Kh8 68. f5 Kg8 69. Kf6 Kh7 70. g6+ Kg8 71. Ke7 Kg7 72. Kd7 Kf6 73. Kxc6
Kxf5 74. g7 Ke4 75. g8=Q Kd3 {Black resigns} 1-0

[Event "Team 45 45 League T89"]
[Site "Internet Chess Club"]
[Date "2021.07.31"]
[Round "4"]
[White "Validus"]
[Black "fireball"]
[Result "1/2-1/2"]
[WhiteElo "1399"]
[BlackElo "1537"]
[Opening "Queen's pawn: London system"]
[ECO "A45"]
[Time "10:04:55"]
[TimeControl "2700+45"]

1. d4 Nf6 2. Bf4 d5 3. e3 c5 4. Nf3 Nc6 5. c3 Qb6 6. Qc2 g6 7. Nbd2 c4 8. Be2
Bf5 9. Qc1 Bg7 10. Nh4 Bd7 11. h3 h6 12. Bh2 g5 13. Nhf3 Bf5 14. g4 Bg6 15. Bd1
Nd7 16. Bc2 Bxc2 17. Qxc2 e5 18. dxe5 Ncxe5 19. Nxe5 Nxe5 20. Qa4+ Qc6 21. Qxc6+
Nxc6 22. Nf3 O-O 23. Nd4 Ne5 24. Bxe5 Bxe5 25. Nf5 Kh7 26. Rd1 Rad8 27. Ne7 Rd7
28. Nxd5 Rfd8 29. e4 b5 30. Ke2 a5 31. a3 Kg6 32. h4 f6 33. Ne7+ Kf7 34. Rxd7
Rxd7 35. Nf5 Kg6 36. h5+ Kh7 37. Rd1 Rb7 38. Rd5 Bf4 39. Nd6 Bxd6 40. Rxd6 Kg7
41. Ke3 b4 42. cxb4 axb4 43. axb4 Rxb4 44. Rd7+ Kg8 45. Rc7 Rb3+ 46. Kd4 Rxb2
47. e5 fxe5+ 48. Kxe5 Rxf2 49. Rxc4 Kg7 50. Rc7+ Kg8 51. Rc6 Kg7 52. Rg6+ Kh7
53. Rb6 Rf4 54. Rb7+ Kg8 55. Ke6 Kh8 56. Rb8+ Kg7 57. Rb7+ Kh8 58. Ke5 Kg8 59.
Rd7 Rxg4 60. Kf5 Rf4+ 61. Kg6 g4 62. Kxh6 g3 63. Rg7+ Kf8 64. Rxg3 Rf7 65. Rg6
Rf5 66. Ra6 Kf7 67. Ra7+ Kf6 68. Rg7 Rxh5+ 69. Kxh5 Kxg7 {Game drawn because
neither player has mating material} 1/2-1/2

[Event "Team 45 45 League T89"]
[Site "Internet Chess Club"]
[Date "2021.07.31"]
[Round "4"]
[White "smsxman"]
[Black "Kidpython"]
[Result "0-1"]
[WhiteElo "1264"]
[BlackElo "1120"]
[Opening "Four knights: double Ruy Lopez"]
[ECO "C49"]
[Time "19:11:21"]
[TimeControl "2700+45"]

1. e4 e5 2. Nf3 Nc6 3. Nc3 Nf6 4. Bb5 Bb4 5. d3 h6 6. Bd2 d6 7. Nd5 Bd7 8. Bxc6
Bxd2+ 9. Nxd2 Bxc6 10. Nxf6+ Qxf6 11. Qf3 Qxf3 12. Nxf3 O-O 13. O-O-O Rfd8 14.
Rhg1 f6 15. g3 f5 16. Nd2 fxe4 17. dxe4 d5 18. Rge1 dxe4 19. Nxe4 Rxd1+ 20. Kxd1
Rd8+ 21. Kc1 Bxe4 22. Rxe4 Rf8 23. Re2 Rf3 24. Kd2 Kf7 25. Ke1 Ke6 26. h4 Kd5
27. b3 e4 28. Rd2+ Ke5 29. Rd7 e3 30. Re7+ Kd4 31. Rd7+ Ke4 32. Re7+ Kd4 33.
Rxg7 exf2+ 34. Kf1 Ke3 35. Rxc7 Rxg3 36. Rc3+ Kf4 37. Rxg3 Kxg3 38. h5 Kf3 39.
c4 b6 40. a4 a5 41. b4 axb4 42. c5 b3 43. c6 b2 44. c7 b1=B {White resigns} 0-1

[Event "Team 45 45 League T89"]
[Site "Internet Chess Club"]
[Date "2021.07.30"]
[Round "4"]
[White "liujf"]
[Black "VictorRed"]
[Result "1-0"]
[WhiteElo "1591"]
[BlackElo "1640"]
[Opening "Queen's pawn"]
[ECO "A40"]
[Time "21:05:59"]
[TimeControl "2700+45"]

1. d4 c6 2. Bf4 Nf6 3. e3 d5 4. Nd2 Qb6 5. Nb3 Bg4 6. Nf3 e6 7. Bd3 Bb4+ 8. c3
Be7 9. Rb1 Nbd7 10. Nbd2 Nh5 11. Bg3 Nxg3 12. hxg3 h6 13. e4 e5 14. Qb3 exd4 15.
cxd4 dxe4 16. Bxe4 Qc7 17. Rc1 Nf6 18. O-O Nxe4 19. Nxe4 Be6 20. Qd3 O-O-O 21.
Rc2 Qb6 22. Nc3 g6 23. Rd1 Bf5 24. Ne4 Rd5 25. Ne5 f6 26. Nc4 Qd8 27. Ne3 Bxe4
28. Qxe4 Ra5 29. d5 c5 30. Nc4 Rb5 31. d6 Bf8 32. d7+ Kb8 33. Rcd2 Rb4 34. a3
Ra4 35. Qf4+ Ka8 36. Nb6+ axb6 37. Qxa4+ Kb8 38. Re2 Be7 39. Rde1 Rh7 40. Qd1
Kc7 41. Re6 Qxd7 42. Qxd7+ Kxd7 43. Rxb6 Kc7 44. Rbe6 Kd7 45. R6e4 g5 46. f4 Rf7
47. Kf2 Bd6 48. Kf3 b5 49. Re8 f5 50. Ra8 Rf6 51. Rh8 c4 52. Rh7+ Kc6 53. Rh1
Bf8 54. Rc1 Bd6 55. Rh1 Bf8 56. Rd1 Bd6 57. Rh8 Re6 58. Rh1 g4+ 59. Kf2 Bc5+ 60.
Kf1 Re3 61. R1xh6+ Kd7 62. R8h7+ Be7 63. Ra6 Ke8 64. Ra8+ Kd7 65. Ra7+ Kd6 66.
Kf2 Re4 67. Rb7 Bf8 68. Rxb5 Kc6 69. Rxf5 Bc5+ 70. Kf1 Rd4 71. Rh6+ Bd6 72. Rff6
Kc7 73. Rxd6 Rxd6 74. Rxd6 Kxd6 75. Ke2 {Black resigns} 1-0

[Event "Team 45 45 League T89"]
[Site "Internet Chess Club"]
[Date "2021.07.30"]
[Round "4"]
[White "andrew37"]
[Black "Kingfisher75"]
[Result "1/2-1/2"]
[WhiteElo "1600"]
[BlackElo "1585"]
[Opening "Four knights: Scotch, 4...exd4"]
[ECO "C47"]
[Time "16:31:51"]
[TimeControl "2700+45"]

1. e4 e5 2. Nf3 Nc6 3. Nc3 Nf6 4. d4 exd4 5. Nxd4 Bb4 6. Nxc6 bxc6 7. Bd3 d5 8.
exd5 cxd5 9. O-O O-O 10. h3 c6 11. Qf3 h6 12. Bf4 Bd6 13. Rfe1 Rb8 14. b3 Be6
15. Ne2 c5 16. Bxd6 Qxd6 17. Rad1 Qc7 18. Nf4 Rfe8 19. Nxe6 Rxe6 20. Rxe6 fxe6
21. c4 Qe5 22. Qg3 Qxg3 23. fxg3 d4 24. Re1 Kf7 25. Kf2 a5 26. Re5 Nd7 27. Re1
Kf6 28. h4 Ne5 29. Be4 a4 30. bxa4 Rb2+ 31. Re2 Rxe2+ 32. Kxe2 Nxc4 33. Kd3 Nb2+
34. Kc2 Nxa4 35. Kb3 Nc3 36. Bd3 Ke7 37. a4 Kd6 38. a5 Kc6 39. Kc4 Nd5 40. a6
Nc7 41. a7 Kb6 42. Be4 Kxa7 43. Kxc5 Kb8 44. Kxd4 Kc8 45. Ke5 Kd7 46. g4 Ke7 47.
g3 g5 48. hxg5 hxg5 49. Bc6 Kf7 50. Kd6 Na6 51. Bb5 Nb4 52. Bc4 Kf6 53. Bxe6 Nd3
54. Bc4 Ne5 55. Be2 Nf7+ 56. Kd5 Ne5 57. Ke4 Nf7 {Game drawn by mutual
agreement} 1/2-1/2

[Event "Team 45 45 League T89"]
[Site "Internet Chess Club"]
[Date "2021.07.31"]
[Round "4"]
[White "cayo89"]
[Black "MartyJR"]
[Result "1/2-1/2"]
[WhiteElo "1532"]
[BlackElo "1575"]
[Opening "Queen's pawn, Mason variation"]
[ECO "D00"]
[Time "12:01:54"]
[TimeControl "2700+45"]

1. d4 d5 2. Bf4 Nf6 3. e3 c5 4. c3 Nc6 5. Bd3 Qb6 6. Qb3 c4 7. Qxb6 axb6 8. Bc2
e6 9. h3 b5 10. Nd2 b4 11. Ngf3 bxc3 12. bxc3 Ra3 13. Nb1 Ra8 14. a4 Na5 15.
Nbd2 Be7 16. Rb1 O-O 17. O-O h6 18. Rfe1 Re8 19. Ne5 Nc6 20. Nxc6 bxc6 21. Rb6
c5 22. Ra1 cxd4 23. exd4 Bd7 24. f3 Bd8 25. Rbb1 Ba5 26. Ra3 Bc6 27. Nf1 Nd7 28.
Re1 Ra7 29. Rb1 Rea8 30. Bd6 Bd8 31. Rb4 Ba5 32. Rb1 Bd8 33. Rb4 Ba5 34. Rb1
{Game drawn by repetition} 1/2-1/2

[Event "Team 45 45 League T89"]
[Site "Internet Chess Club"]
[Date "2021.07.31"]
[Round "4"]
[White "goldeen7"]
[Black "Pawnchain"]
[Result "1-0"]
[WhiteElo "1442"]
[BlackElo "1279"]
[Opening "French: King's Indian attack"]
[ECO "C00"]
[Time "09:00:16"]
[TimeControl "2700+45"]

1. e4 e6 2. d3 d5 3. Nd2 c5 4. Ngf3 g6 5. g3 Bg7 6. Bg2 Nc6 7. O-O Nf6 8. Re1
O-O 9. Qe2 b6 10. c3 Ba6 11. e5 Nd7 12. Nf1 Qc7 13. Bf4 c4 14. d4 Qc8 15. h4 b5
16. N1h2 b4 17. Qd2 f5 18. exf6 Nxf6 19. Ng5 bxc3 20. bxc3 Nd8 21. Rab1 Nh5 22.
Be5 Bxe5 23. Rxe5 Ng7 24. Nxe6 Ndxe6 25. Bxd5 Rb8 26. Rxb8 Qxb8 27. Bxe6+ Nxe6
28. Rxe6 Qb1+ 29. Nf1 Bb7 30. Re7 Bd5 31. Qh6 Bf7 32. Rxa7 Qf5 33. Qf4 Qxf4 34.
gxf4 Bd5 35. Ne3 {Black resigns} 1-0

[Event "Team 45 45 League T89"]
[Site "Internet Chess Club"]
[Date "2021.08.02"]
[Round "4"]
[White "QuieroAprender"]
[Black "Portola"]
[Result "1/2-1/2"]
[WhiteElo "1666"]
[BlackElo "1707"]
[Opening "Queen's pawn, Mason variation"]
[ECO "D00"]
[Time "13:08:59"]
[TimeControl "2700+45"]

1. d4 d5 2. Bf4 c6 3. Nf3 Nf6 4. e3 Bf5 5. c3 e6 6. Bd3 Bg6 7. Qc2 Bxd3 8. Qxd3
Nbd7 9. Nbd2 Be7 10. h3 Qb6 11. O-O-O Qa6 12. Qxa6 bxa6 13. Ne5 Nxe5 14. dxe5
Nd7 15. Nf3 Nc5 16. Kc2 Rb8 17. Nd4 Rb6 18. b4 Ne4 19. Rhf1 c5 20. bxc5 Nxc5 21.
Rb1 Kd7 22. Rxb6 axb6 23. f3 Rc8 24. Rc1 Na4 25. Kd3 b5 26. Bg3 Ba3 27. Rc2 Nb2+
28. Ke2 Nc4 29. Kd3 Rb8 30. e4 Nb6 31. Bf2 dxe4+ 32. Kxe4 Nc4 33. f4 Re8 34. g4
g6 35. Nf3 Be7 36. Ng5 Bxg5 37. fxg5 Kc6 38. Bd4 Rd8 39. Rf2 Rd7 40. h4 a5 41.
h5 a4 42. Re2 Kb7 43. hxg6 hxg6 44. Rh2 Kc7 45. Rh8 Kb7 46. Rh1 Rc7 47. Rh8 Nd2+
48. Ke3 Nb1 49. Kd3 Na3 50. Rh2 Nc4 51. Ke4 Nb6 52. Rh8 Nd5 53. Rh3 b4 54. cxb4
Nxb4 55. Ra3 Na6 56. Rxa4 Rc1 57. Be3 Re1 58. Kf3 Rh1 59. Rd4 Rh3+ 60. Ke2 Kc6
61. Rd6+ Kb5 62. a4+ Ka5 63. Bd2+ Nb4 64. Rd7 Rh2+ 65. Kd1 Kxa4 66. Rd4 Rh1+ 67.
Ke2 Rb1 68. Rd7 Nd5 69. Ra7+ Kb3 70. Rxf7 Rb2 71. Rb7+ Kc2 72. Rg7 Kb3 73. Rb7+
Kc2 74. Rg7 Kb3 75. Rb7+ {Game drawn by repetition} 1/2-1/2

[Event "Team 45 45 League T89"]
[Site "Internet Chess Club"]
[Date "2021.07.29"]
[Round "4"]
[White "rubo"]
[Black "kabindra"]
[Result "0-1"]
[WhiteElo "1491"]
[BlackElo "1797"]
[Opening "Queen's pawn, Mason variation"]
[ECO "D00"]
[Time "16:00:29"]
[TimeControl "2700+45"]

1. d4 d5 2. Bf4 Bf5 3. c4 e6 4. c5 Nc6 5. e3 Nf6 6. Nc3 Be7 7. Nb5 Rc8 8. Qa4
O-O 9. Nxa7 Nxa7 10. Qxa7 b6 11. Qa4 bxc5 12. Nf3 Ra8 13. Qd1 cxd4 14. exd4 Bb4+
15. Bd2 Qd6 16. Bxb4 Qxb4+ 17. Qd2 Rab8 18. Qxb4 Rxb4 19. b3 Ra8 20. Be2 Rxb3
21. O-O Rb2 22. Rfe1 Raxa2 23. Rxa2 Rxa2 24. h3 Rb2 25. g4 Be4 26. Ng5 Rb1 27.
Kf1 Rxe1+ 28. Kxe1 h6 29. Nxe4 Nxe4 30. Bd3 Ng5 31. h4 Nf3+ 32. Ke2 Nxd4+ 33.
Ke3 c5 34. f4 Kf8 35. h5 Ke7 36. g5 hxg5 37. fxg5 Nf5+ 38. Bxf5 exf5 39. h6 gxh6
40. gxh6 Kf6 41. h7 Kg7 42. Kf4 c4 {White resigns} 0-1

[Event "Team 45 45 League T89"]
[Site "Internet Chess Club"]
[Date "2021.08.01"]
[Round "4"]
[White "julesraider"]
[Black "nosir"]
[Result "0-1"]
[WhiteElo "1544"]
[BlackElo "1439"]
[Opening "King's Indian: Kazakh variation"]
[ECO "E91"]
[Time "12:00:16"]
[TimeControl "2700+45"]

1. d4 g6 2. Nf3 Nf6 3. c4 Bg7 4. Nc3 O-O 5. e4 d6 6. Be2 Na6 7. a3 e5 8. d5 Nc5
9. Bg5 h6 10. Bxf6 Bxf6 11. b4 Nd7 12. O-O Bg7 13. Nd2 Qe7 14. Nb5 Nf6 15. Rc1
a6 16. Nc3 h5 17. Re1 Ng4 18. f3 Ne3 19. Qb3 Qg5 20. Bf1 h4 21. Re2 Kh7 22. Nd1
Nxf1 23. Nxf1 Qxc1 24. Nfe3 Bh6 25. Kf2 Bxe3+ 26. Nxe3 Qa1 27. Rb2 f5 28. Rb1
Qd4 29. Rd1 Qb6 30. Ke2 fxe4 31. fxe4 Bd7 32. Qc3 Rf7 33. Qe1 g5 34. h3 Raf8 35.
Rd3 c5 36. Rb3 cxb4 37. axb4 Rf2+ 38. Qxf2 Rxf2+ 39. Kxf2 Qd4 40. Kf3 Ba4 41.
Ra3 Bd1+ 42. Nxd1 Qxd1+ 43. Kf2 Qd4+ 44. Kf3 Qxc4 45. b5 Qxb5 46. Kg4 Kg6 47.
Ra2 Qc4 48. Rf2 Qxe4+ 49. Rf4 Qxf4# {White checkmated} 0-1

[Event "Team 45 45 League T89"]
[Site "Internet Chess Club"]
[Date "2021.08.01"]
[Round "4"]
[White "g8wrb"]
[Black "Toalla"]
[Result "0-1"]
[WhiteElo "1328"]
[BlackElo "1151"]
[Opening "Nimzovich-Larsen attack: modern variation"]
[ECO "A01"]
[Time "13:08:29"]
[TimeControl "2700+45"]

1. b3 e5 2. Bb2 d6 3. e3 Nf6 4. c4 c5 5. h3 Be7 6. Nc3 O-O 7. Bd3 Nc6 8. Qf3 Nb4
9. e4 Nxd3+ 10. Qxd3 a6 11. Nge2 Bd7 12. O-O Rb8 13. f4 b5 14. cxb5 Bxb5 15.
Nxb5 Rxb5 16. Nc3 Rb8 17. Nd5 Nxd5 18. Qxd5 Qb6 19. Kh1 Bf6 20. fxe5 Bxe5 21.
Bxe5 dxe5 22. Qxe5 Rfe8 23. Qf4 Qg6 24. d3 Rb6 25. Qf5 Rbe6 26. Qxc5 Re5 27. Qd4
h5 {White resigns} 0-1

[Event "Team 45 45 League T89"]
[Site "Internet Chess Club"]
[Date "2021.07.29"]
[Round "4"]
[White "handsomematch"]
[Black "fhunfi"]
[Result "0-1"]
[WhiteElo "1401"]
[BlackElo "1803"]
[Opening "French: Tarrasch, Guimard main line"]
[ECO "C04"]
[Time "21:01:25"]
[TimeControl "2700+45"]

1. e4 e6 2. d4 d5 3. Nd2 Nc6 4. Ngf3 Nf6 5. e5 Nd7 6. Bd3 Nb4 7. Bb5 a6 8. Ba4
b5 9. Bb3 c5 10. c3 Nd3+ 11. Kf1 Be7 12. Bc2 Nxc1 13. Rxc1 g5 14. dxc5 Nxc5 15.
Nb3 Nxb3 16. Bxb3 Bb7 17. Nd4 Qc7 18. Qe2 Bc6 19. Re1 Bd7 20. Qh5 Qb7 21. Bc2
Rc8 22. Re3 b4 23. Rf3 Rf8 24. Bxh7 bxc3 25. bxc3 Qb2 26. g3 Rxc3 27. Rxf7 Rxf7
28. Ne2 Rf3 29. Kg2 Qxe2 30. Bg6 Rxf2+ 31. Kh3 g4+ 32. Qxg4 Qxg4+ 33. Kxg4 Kf8
34. Bxf7 Kxf7 35. h4 Kg7 36. h5 Bb5 37. Kh3 Rf1 38. Rh2 d4 39. Kg2 d3 40. h6+
Kh7 41. Kh3 Bb4 42. a3 d2 {White resigns} 0-1

[Event "Team 45 45 League T89"]
[Site "Internet Chess Club"]
[Date "2021.07.28"]
[Round "4"]
[White "Draconian"]
[Black "aec7r3b"]
[Result "1-0"]
[WhiteElo "1804"]
[BlackElo "1226"]
[Opening "Giuoco Piano: Anderssen variation"]
[ECO "C54"]
[Time "16:30:31"]
[TimeControl "2700+45"]

1. e4 e5 2. Nf3 Nc6 3. Bc4 Bc5 4. c3 Nf6 5. d4 exd4 6. e5 d5 7. Bb5 Ne4 8. cxd4
Bb4+ 9. Bd2 Nxd2 10. Nbxd2 Bd7 11. Bd3 O-O 12. O-O Bg4 13. Qb1 h6 14. h3 Be6 15.
Qc2 Rc8 16. a3 Ba5 17. b4 Bb6 18. Nb3 f6 19. b5 Na5 20. Nc5 Bxc5 21. dxc5 c6 22.
Nd4 Bf7 23. e6 Be8 24. Nf5 Qc7 25. b6 axb6 26. cxb6 Qxb6 27. Ne7+ Kh8 28. Nxc8
Qc7 29. Qc5 Rg8 30. Ne7 b6 31. Nxd5 Qe5 32. Qxb6 Qxd5 33. Rfd1 Qg5 34. f4 Qxf4
35. Qxa5 Bh5 36. Qxh5 {Black resigns} 1-0

[Event "Team 45 45 League T89"]
[Site "Internet Chess Club"]
[Date "2021.07.29"]
[Round "4"]
[White "eevee11"]
[Black "trogers41"]
[Result "1-0"]
[WhiteElo "1284"]
[BlackElo "1276"]
[Opening "Ruy Lopez: closed (10...c5)"]
[ECO "C96"]
[Time "18:00:18"]
[TimeControl "2700+45"]

1. e4 e5 2. Nf3 Nc6 3. Bb5 a6 4. Ba4 Nf6 5. O-O Be7 6. Re1 b5 7. Bb3 d6 8. c3
O-O 9. h3 Na5 10. Bc2 c5 11. d4 cxd4 12. cxd4 Nc6 13. d5 Nb8 14. a4 bxa4 15.
Rxa4 Bd7 16. Ra1 Bb5 17. Bd3 Nbd7 18. Nc3 Bxd3 19. Qxd3 Nc5 20. Qc4 a5 21. Be3
Qb8 22. Bxc5 dxc5 23. Na4 Qb4 24. Qxb4 cxb4 25. Nxe5 Bd6 26. Nc4 Bc5 27. Nxc5
Rfc8 28. Nb6 Rxc5 29. Nxa8 {Black resigns} 1-0

[Event "Team 45 45 League T89"]
[Site "Internet Chess Club"]
[Date "2021.07.30"]
[Round "4"]
[White "Fulmar"]
[Black "buptwy"]
[Result "1-0"]
[WhiteElo "1189"]
[BlackElo "1112"]
[Opening "Ruy Lopez: Wormald (Alapin) attack"]
[ECO "C77"]
[Time "19:45:11"]
[TimeControl "2700+45"]

1. e4 e5 2. Nf3 Nc6 3. Bb5 a6 4. Ba4 Nf6 5. Qe2 b5 6. Bb3 Bc5 7. c3 d6 8. h3 Be6
9. Bxe6 fxe6 10. Ng5 Qd7 11. d3 d5 12. O-O h6 13. Nf3 O-O 14. Nbd2 Ne7 15. Nxe5
Qd6 16. d4 c6 17. b4 Bb6 18. exd5 exd5 19. Ndf3 Rae8 20. Qd3 Bc7 21. Nh4 Nd7 22.
Re1 Qf6 23. Nhf3 Ng6 24. Qxg6 Bxe5 25. Qxf6 Bxf6 26. Rxe8 Rxe8 27. Kf1 Nb6 28.
Bd2 Nc4 29. Re1 Nxd2+ 30. Nxd2 Rxe1+ 31. Kxe1 Kf7 32. Ke2 Ke6 33. g4 Be7 34. f4
Bh4 35. f5+ Kf6 36. Nf3 Bg3 37. Ke3 g6 38. fxg6 Kxg6 39. h4 Kf6 40. h5 Kg7 41.
Ne5 Bxe5 42. dxe5 Kf7 43. Kf4 Ke6 44. g5 hxg5+ 45. Kxg5 Kf7 {Black resigns} 1-0

[Event "Team 45 45 League T89"]
[Site "Internet Chess Club"]
[Date "2021.08.03"]
[Round "4"]
[White "manfredo"]
[Black "room-matt"]
[Result "0-1"]
[WhiteElo "1528"]
[BlackElo "1813"]
[Opening "King's gambit"]
[ECO "C30"]
[Time "13:02:51"]
[TimeControl "2700+45"]

1. e4 e5 2. f4 Nc6 3. Nf3 f5 4. Bc4 fxe4 5. O-O exf3 6. Qxf3 Bc5+ 7. Kh1 Nf6 8.
Qg3 Qe7 9. Nc3 d6 10. Re1 Rf8 11. Nd5 Nxd5 12. Bxd5 Nd4 13. Qc3 c6 14. b4 Bxb4
15. Bxc6+ Nxc6 {White resigns} 0-1

[Event "Team 45 45 League T89"]
[Site "Internet Chess Club"]
[Date "2021.07.28"]
[Round "4"]
[White "Zugzwanged"]
[Black "fireball"]
[Result "0-1"]
[WhiteElo "1703"]
[BlackElo "1554"]
[Opening "French: exchange variation"]
[ECO "C01"]
[Time "10:02:37"]
[TimeControl "2700+45"]

1. e4 e6 2. d4 d5 3. exd5 exd5 4. Nf3 Bd6 5. Bd3 Ne7 6. O-O Bf5 7. Bxf5 Nxf5 8.
Re1+ Ne7 9. Bg5 f6 10. Be3 g5 11. Nc3 Nbc6 12. Bxg5 fxg5 13. Nxg5 h5 14. Qf3 Rf8
15. Qxh5+ Kd7 16. Ne6 Rh8 17. Nxd8 Rxh5 18. Nxb7 Bxh2+ 19. Kf1 Nxd4 20. g3 Nxc2
21. Rac1 Nxe1 22. Rxe1 Rb8 23. Nc5+ Kd6 24. Nb3 Rf8 25. Kg2 Ng6 26. Nd4 Ne5 27.
Ndb5+ Kc6 28. Nd4+ Kd7 29. Rh1 Ng4 30. Rf1 c6 31. Nce2 Kd6 32. Nf4 Rh6 33. Re1
Rb8 34. Nf5+ Kc5 35. Nxh6 Nxh6 36. Kxh2 Rxb2 37. Re2 Rxe2 38. Nxe2 Kc4 39. Kg2
d4 40. Kf1 d3 41. Nf4 Kc3 42. Ne2+ dxe2+ 43. Kxe2 Kd4 44. Kd2 c5 45. f3 c4 46.
g4 c3+ 47. Kc2 a5 48. g5 Nf5 49. g6 a4 50. a3 Ng7 51. f4 Nf5 52. Kc1 Kd3 53. Kd1
c2+ 54. Kc1 Kc3 55. g7 Nxg7 56. f5 Kb3 57. f6 Ne6 58. f7 Nf8 59. Kd2 Kb2 {White
resigns} 0-1

[Event "Team 45 45 League T89"]
[Site "Internet Chess Club"]
[Date "2021.08.04"]
[Round "4"]
[White "ChessG2011"]
[Black "vollmerj"]
[Result "1/2-1/2"]
[WhiteElo "1466"]
[BlackElo "1481"]
[Opening "Sicilian: Hungarian variation"]
[ECO "B27"]
[Time "18:31:26"]
[TimeControl "2700+45"]

1. e4 c5 2. Nf3 g6 3. d4 cxd4 4. Nxd4 Bg7 5. Be2 Nc6 6. Be3 d6 7. c3 Nf6 8. Nd2
O-O 9. O-O Bd7 10. f3 a6 11. N2b3 Rc8 12. Qd2 Ne5 13. Rfd1 Nc4 14. Bxc4 Rxc4 15.
Qe2 Rc8 16. Nc2 Bb5 17. Qd2 Nd7 18. Nbd4 Bc6 19. Nxc6 Rxc6 20. Rab1 Ne5 21. Qe2
Nc4 22. Bf2 Rc8 23. Ne3 Nxe3 24. Bxe3 Qc7 25. Bd4 Qc4 26. Qxc4 Rxc4 27. Bxg7
Kxg7 28. Rd4 Rfc8 29. Rxc4 Rxc4 30. Kf2 Kf6 31. Ke3 b5 32. Rd1 Ke6 33. Rd4 Rc7
{Game drawn by mutual agreement} 1/2-1/2

[Event "Team 45 45 League T89"]
[Site "Internet Chess Club"]
[Date "2021.07.30"]
[Round "4"]
[White "Signofthetimes"]
[Black "Snuffleupegus"]
[Result "1-0"]
[WhiteElo "1582"]
[BlackElo "1370"]
[Opening "King's pawn opening"]
[ECO "B07"]
[Time "23:01:12"]
[TimeControl "2700+45"]

1. e4 d6 2. Nf3 g6 3. Bc4 Nc6 4. Nc3 Bg7 5. d3 Nf6 6. h3 O-O 7. Be3 e5 8. Qd2
Ne8 9. h4 Na5 10. Bb3 Nxb3 11. axb3 Bg4 12. O-O-O f5 13. Bh6 fxe4 14. dxe4 Bxf3
15. gxf3 Rxf3 16. Rdg1 Qf6 17. Bxg7 Nxg7 18. h5 Rxf2 19. Qd5+ Kf8 20. hxg6 Qf4+
21. Kb1 h6 22. Qxb7 Re8 23. Qxc7 Re7 24. Qd8+ Ne8 25. Nd5 Qxe4 26. Qxe7+ Kg8 27.
Qxe8+ Kg7 28. Qe7+ Kg8 {Black resigns} 1-0

[Event "Team 45 45 League T89"]
[Site "Internet Chess Club"]
[Date "2021.08.01"]
[Round "4"]
[White "MacroPawn"]
[Black "MrAbendroth"]
[Result "1-0"]
[WhiteElo "1793"]
[BlackElo "1693"]
[Opening "English opening"]
[ECO "A20"]
[Time "11:05:48"]
[TimeControl "2700+45"]

1. c4 e5 2. g3 Nc6 3. Bg2 g6 4. b3 Bg7 5. Bb2 Nge7 6. e3 O-O 7. Ne2 d6 8. O-O
Be6 9. Nbc3 Rb8 10. a3 Qc8 11. Re1 Bh3 12. Bh1 Bg4 13. Nd5 Re8 14. b4 a6 15. Rc1
Nd8 16. Qa4 c6 17. Nb6 Qf5 18. e4 Qh5 19. Nc3 Ne6 20. Nd1 Ng5 21. h4 Nf3+ 22.
Bxf3 Bxf3 23. Qb3 Bh6 24. Nd7 Kg7 25. Ne3 Rbd8 26. Nb6 g5 27. Ng2 Bxg2 28. Kxg2
gxh4 29. Rh1 Ng6 30. f4 Qe2+ 31. Kh3 f6 32. f5 Qf2 33. Rcf1 Qxg3+ 34. Qxg3 hxg3
35. fxg6 hxg6 36. d4 Bf4 37. d5 g5 38. Kg2 Kg6 39. Rh3 Be3 40. Na4 Bf2 41. Rfh1
Rb8 42. Rh7 {Black forfeits on time} 1-0

[Event "Team 45 45 League T89"]
[Site "Internet Chess Club"]
[Date "2021.08.01"]
[Round "4"]
[White "ILRE"]
[Black "gera-carp75"]
[Result "1/2-1/2"]
[WhiteElo "1623"]
[BlackElo "1848"]
[Opening "Queen's bishop game"]
[ECO "D02"]
[Time "19:05:36"]
[TimeControl "2700+45"]

1. d4 d5 2. Nf3 Nf6 3. Bf4 e6 4. e3 Bd6 5. Bg3 O-O 6. Bd3 c5 7. c3 Qc7 8. Nbd2
Nbd7 9. Rc1 e5 10. dxe5 Nxe5 11. Nxe5 Bxe5 12. Bxe5 Qxe5 13. h3 Qg5 14. Qf3 Bd7
15. O-O Bc6 16. Qf5 Qxf5 17. Bxf5 Rad8 18. Nf3 Rfe8 19. Rfd1 Ne4 20. Nd2 g6 21.
Bg4 f5 22. Nxe4 dxe4 23. Be2 Kf7 24. Rxd8 Rxd8 25. Rd1 Rxd1+ 26. Bxd1 Ke6 27.
Be2 b5 28. Kf1 Ke5 29. Ke1 g5 30. g3 f4 31. Bg4 b4 32. c4 Be8 33. Kd2 Bf7 34. b3
f3 35. Bc8 h5 36. g4 Be6 37. Bxe6 Kxe6 38. Ke1 hxg4 39. hxg4 {Game drawn by
mutual agreement} 1/2-1/2

[Event "Team 45 45 League T89"]
[Site "Internet Chess Club"]
[Date "2021.08.01"]
[Round "4"]
[White "evan7284"]
[Black "Timmah4651"]
[Result "1/2-1/2"]
[WhiteElo "1674"]
[BlackElo "1588"]
[Opening "Queen's pawn: Chigorin variation"]
[ECO "D00"]
[Time "14:17:57"]
[TimeControl "2700+45"]

1. d4 d5 2. Nc3 Nf6 3. Bf4 c5 4. e3 Bf5 5. Nb5 Na6 6. c3 Qa5 7. a4 c4 8. f3 Bd7
9. b4 Qb6 10. Na3 e6 11. a5 Qd8 12. Qc2 Nc7 13. e4 Be7 14. e5 Nh5 15. Be3 g6 16.
Be2 Ng7 17. Nh3 O-O 18. O-O Nf5 19. Bf2 b5 20. Qd2 a6 21. Nc2 Ne8 22. Ne3 Nxe3
23. Bxe3 Ng7 24. Bh6 Re8 25. Bxg7 Kxg7 26. f4 Qc8 27. Kh1 Rf8 28. Rg1 f5 29.
Raf1 Rf7 30. g4 Qc6 31. gxf5 exf5 32. Bf3 Rg8 33. Qg2 Be6 34. Ng5 Bxg5 35. Qxg5
Qd7 36. h4 Qe7 37. Qxe7 Rxe7 38. h5 Kf8 39. hxg6 hxg6 40. Rf2 Rh7+ 41. Rh2 Rxh2+
42. Kxh2 Kf7 43. Kg2 g5 44. fxg5 Rxg5+ 45. Kf2 Rxg1 46. Kxg1 Kg6 47. Kg2 Kg5 48.
Kg3 Bf7 49. Be2 Be6 50. Bf3 Bf7 {Game drawn by mutual agreement} 1/2-1/2